 Dungeon Crawl Stone Soup version 0.21.1-1-g345015f (webtiles) character file.

6277 wilfster70 the Covert (level 10, 0/75 HPs)
             Began as a Gnoll Enchanter on July 23, 2018.
             Was a High Priest of Okawaru.
             Slain by a deep elf mage
             ... wielding a +0 short sword
              (1 damage)
             ... in a bailey.
             The game lasted 00:32:57 (8257 turns).

wilfster70 the Covert (Gnoll Enchanter)             Turns: 8257, Time: 00:32:57

Health: 0/75       AC:  9    Str: 15    XL:     10   Next: 94%
Magic:  9/21       EV: 17    Int: 20    God:    Okawaru [*****.]
Gold:   360        SH:  0    Dex: 17    Spells: 14/24 levels left

rFire    . . .     SeeInvis +   a - +5 dagger of Duty {drain, rElec}
rCold    . . .     Gourm    .   (no shield)
rNeg     . . .     Faith    .   n - +2 robe of the Insatiable Runes {Str+5 SInv Stlth+}
rPois    +         Spirit   .   m - +1 helmet
rElec    +         Reflect  .   D - +1 cloak {rPois}
rCorr    .         Harm     .   (no gloves)
MR       +....                  (no boots)
Stlth    +++++.....             (no amulet)
HPRegen  0.22/turn              h - ring of protection from magic
MPRegen  0.17/turn              (no ring)

@: very slightly contaminated
A: distributed training, fangs 1, strong nose
a: Heroism, Finesse, Renounce Religion


You were in a bailey.
You worshipped Okawaru.
Okawaru was extremely pleased with you.
You were not hungry.

You visited 1 branch of the dungeon, and saw 8 of its levels.
You also visited: Bailey.

You collected 360 gold pieces.

Inventory:

Hand Weapons
 a - the +5 dagger of Duty (weapon) {drain, rElec}
   (You found it on level 4 of the Dungeon)

   A truly terrible weapon, it drains the life of those it strikes.
   It insulates you from electricity.
 b - a +2 flail of protection
 w - a +0 hunting sling
Missiles
 e - 119 stones (quivered)
Armour
 i - the +1 leather armour "Laafrast" {-Tele rPois rF+ rC+}
   (You found it on level 5 of the Dungeon)

   It protects you from fire.
   It protects you from cold.
   It protects you from poison.
   It prevents most forms of teleportation.
 m - a +1 helmet (worn)
 n - the +2 robe of the Insatiable Runes (worn) {Str+5 SInv Stlth+}
   (You found it on level 4 of the Dungeon)

   It affects your strength (+5).
   It lets you see invisible.
   It makes you more stealthy.
 D - a +1 cloak of poison resistance (worn)
Jewellery
 h - a ring of protection from magic (left hand)
Wands
 p - a wand of random effects (39)
 v - a wand of polymorph (15)
 A - a wand of digging (13)
Scrolls
 j - a scroll of amnesia
 o - 3 scrolls of teleportation
 q - a scroll of enchant armour
 s - a scroll of blinking
 t - 3 scrolls of remove curse
 z - a scroll of identify
 B - 2 scrolls of fear
Potions
 f - a potion of resistance
 g - 2 potions of berserk rage
 k - 2 potions of curing
 r - a potion of invisibility
 x - a potion of ambrosia
 C - a potion of haste
Books
 c - a book of Maledictions

   Spells                             Type                      Level
   a - Corona                         Hexes                        1
   b - Ensorcelled Hibernation        Hexes/Ice                    2
   c - Confuse                        Hexes                        3
   d - Tukima's Dance                 Hexes                        3
   e - Dazzling Spray                 Conjuration/Hexes            3
 u - a book of Callings

   Spells                             Type                      Level
   a - Summon Small Mammal            Summoning                    1
   b - Call Imp                       Summoning                    2
   c - Call Canine Familiar           Summoning                    3
   d - Summon Guardian Golem          Hexes/Summoning              3
   e - Summon Lightning Spire         Summoning/Air                4
   f - Summon Ice Beast               Ice/Summoning                4
 y - a book of Flames

   Spells                             Type                      Level
   a - Flame Tongue                   Conjuration/Fire             1
   b - Throw Flame                    Conjuration/Fire             2
   c - Conjure Flame                  Conjuration/Fire             3
   d - Inner Flame                    Hexes/Fire                   3
   e - Sticky Flame                   Conjuration/Fire             4
   f - Fireball                       Conjuration/Fire             5
Comestibles
 d - 10 rations
 l - 4 chunks of flesh


   Skills:
 + Level 5.6 Fighting
 + Level 6.2 Short Blades
 + Level 5.6 Long Blades
 + Level 5.6 Axes
 + Level 5.6 Maces & Flails
 + Level 5.6 Polearms
 + Level 5.6 Staves
 + Level 5.6 Slings
 + Level 5.6 Bows
 + Level 5.6 Crossbows
 + Level 5.6 Throwing
 + Level 5.6 Armour
 + Level 7.3 Dodging
 + Level 8.3 Stealth
 + Level 5.6 Shields
 + Level 5.6 Unarmed Combat
 + Level 7.6 Spellcasting
 + Level 4.6 Conjurations
 + Level 7.3 Hexes
 + Level 4.6 Charms
 + Level 4.6 Summonings
 + Level 4.6 Necromancy
 + Level 4.6 Translocations
 + Level 4.6 Transmutations
 + Level 4.6 Fire Magic
 + Level 4.6 Ice Magic
 + Level 4.6 Air Magic
 + Level 4.6 Earth Magic
 + Level 4.6 Poison Magic
 + Level 6.2 Invocations
 + Level 5.6 Evocations


You had 14 spell levels left.
You knew the following spells:

 Your Spells              Type           Power        Failure   Level  Hunger
a - Flame Tongue          Conj/Fire      ####.        1%          1    None
b - Ensorcelled Hibernat  Hex/Ice        ####..       1%          2    None
c - Confuse               Hex            #####...     1%          3    None
d - Sticky Flame          Conj/Fire      ####....     13%         4    ###....


Dungeon Overview and Level Annotations

Branches:
Dungeon (8/15)             Temple (0/1) D:7            Lair (0/6) D:8

Altars:
Elyvilon
Fedhas
Hepliaklqana
Okawaru
Trog
Yredelemnul


Innate Abilities, Weirdness & Mutations

Your experience applies equally to all skills.
You have very sharp teeth.
Your uncanny sense of smell can sniff out nearby items.


Message History

The deep elf mage hits you with a short sword.
* * * LOW HITPOINT WARNING * * *
The deep elf mage hits you but does no damage.
Casting: Ensorcelled Hibernation
Confirm with . or Enter, or press ? or * to list all spells.
Aiming: Ensorcelled Hibernation
Press: ? - help, Shift-Dir - straight line, f - deep elf mage
Aim: a deep elf mage, wielding a short sword (moderately wounded, lightly drained, chance to defeat MR: 47%)
The deep elf mage looks drowsy...
The fire elemental hits you. The fire elemental burns you!
* * * LOW HITPOINT WARNING * * *
The deep elf mage completely misses you.
The helpless deep elf mage fails to defend itself.
You spit the deep elf mage like a pig!!!
You kill the deep elf mage!
Okawaru accepts your kill. The fire elemental hits you.
The fire elemental burns you!
* * * LOW HITPOINT WARNING * * *
The deep elf mage hits you with a short sword.
You die...

.e .. .. .###
###.
##...###...## ∆∆
#.....#.....# ∆∆
#.....#.....# ∆∆
#...).#.....#
#....#)...#
#####@#####
##..EE#e...##
#...)§#.....#
#..§§.#..∩..#
#.....#.....#
+##...###...###
#..######'##..##
#....##...##)...#
#....#.....#....#


You could see a deep elf mage and 2 fire elementals.

Vanquished Creatures
  A two-headed ogre (D:7)
  5 deep elf magi (Bailey)
  Sigmund (D:6)
  A hungry ghost (D:7)
  A steam dragon (D:7)
  Edmund (D:4)
  Duvessa (D:6)
  A sky beast (D:7)
  An ice beast (D:6)
  4 orc warriors
  3 centaurs
  2 phantoms
  3 ogres
  The ghost of Rwicked the Vexing, an amateur GnAM (D:3)
  A big kobold (D:8)
  2 bullfrogs
  Dowan (D:6)
  4 scorpions
  2 crimson imps (D:5)
  A hound (D:4)
  2 centaur zombies (D:7)
  A centaur skeleton (D:5)
  An iguana (D:4)
  A jelly (D:5)
  6 orc priests
  9 orc wizards
  2 bullfrog skeletons
  Terence (D:2)
  Jessica (D:3)
  Natasha (thrice) (D:3)
  3 worker ants
  2 hound skeletons
  A howler monkey zombie (D:8)
  Robin (D:1)
  A worker ant zombie (D:6)
  4 gnolls
  9 adders
  A shadow imp (D:7)
  An ooze (D:3)
  6 adder skeletons
  4 worms
  4 dart slugs
  5 leopard geckos
  30 orcs
  3 ball pythons
  4 giant cockroaches
  18 goblins
  13 hobgoblins
  7 jackals
  2 quokkas
  7 bats
  2 frilled lizards
  14 kobolds
  A quokka skeleton (D:5)
  10 rats
217 creatures vanquished.

Notes
Turn   | Place    | Note
-------+----------+-------------------------------------------
     0 | D:1      | wilfster70 the Gnoll Enchanter began the quest for the Orb.
     0 | D:1      | Reached XP level 1. HP: 13/13 MP: 6/6
   108 | D:1      | Reached XP level 2. HP: 10/19 MP: 7/7
   975 | D:1      | Reached XP level 3. HP: 25/25 MP: 9/9
  1065 | D:1      | Reached skill level 5 in Spellcasting
  1259 | D:2      | Noticed Terence
  1279 | D:1      | Learned a level 2 spell: Ensorcelled Hibernation
  1283 | D:1      | Learned a level 3 spell: Confuse
  1288 | D:2      | Killed Terence
  1288 | D:2      | Reached skill level 1 in Fighting
  1288 | D:2      | Reached skill level 1 in Long Blades
  1288 | D:2      | Reached skill level 1 in Axes
  1288 | D:2      | Reached skill level 1 in Maces & Flails
  1288 | D:2      | Reached skill level 1 in Polearms
  1288 | D:2      | Reached skill level 1 in Staves
  1288 | D:2      | Reached skill level 1 in Slings
  1288 | D:2      | Reached skill level 1 in Bows
  1288 | D:2      | Reached skill level 1 in Crossbows
  1288 | D:2      | Reached skill level 1 in Throwing
  1288 | D:2      | Reached skill level 1 in Armour
  1288 | D:2      | Reached skill level 6 in Stealth
  1288 | D:2      | Reached skill level 1 in Shields
  1288 | D:2      | Reached skill level 1 in Unarmed Combat
  1288 | D:2      | Reached skill level 1 in Invocations
  1288 | D:2      | Reached skill level 1 in Evocations
  1288 | D:2      | Reached XP level 4. HP: 19/32 MP: 6/11
  1572 | D:2      | Noticed Robin
  1600 | D:1      | Killed Robin
  1832 | D:2      | Reached skill level 1 in Conjurations
  1832 | D:2      | Reached skill level 1 in Charms
  1832 | D:2      | Reached skill level 1 in Summonings
  1832 | D:2      | Reached skill level 1 in Necromancy
  1832 | D:2      | Reached skill level 1 in Translocations
  1832 | D:2      | Reached skill level 1 in Transmutations
  1832 | D:2      | Reached skill level 1 in Fire Magic
  1832 | D:2      | Reached skill level 1 in Ice Magic
  1832 | D:2      | Reached skill level 1 in Air Magic
  1832 | D:2      | Reached skill level 1 in Earth Magic
  1832 | D:2      | Reached skill level 1 in Poison Magic
  2138 | D:2      | Reached XP level 5. HP: 32/37 MP: 12/12
  2166 | D:2      | Found a hazy altar of Hepliaklqana.
  2294 | D:2      | Found an iron altar of Okawaru.
  2302 | D:2      | Became a worshipper of Warmaster Okawaru
  2467 | D:3      | Noticed Natasha
  2482 | D:3      | Killed Natasha
  2745 | D:3      | Noticed Rwicked's ghost (amateur GnAM)
  2763 | D:3      | Killed Rwicked's ghost
  2763 | D:3      | Reached XP level 6. HP: 36/44 MP: 10/13
  2776 | D:3      | Noticed Jessica
  2792 | D:3      | Killed Jessica
  2792 | D:3      | Reached * piety under Okawaru
  2893 | D:3      | Noticed Natasha
  2923 | D:3      | Killed Natasha
  2923 | D:3      | Reached skill level 5 in Dodging
  3067 | D:3      | HP: 2/44 [orc/hand axe (4)]
  3384 | D:3      | Noticed Natasha
  3401 | D:3      | Killed Natasha
  3652 | D:3      | Reached XP level 7. HP: 50/50 MP: 12/15
  3974 | D:4      | Got a faintly glowing robe
  3976 | D:4      | Identified the +2 robe of the Insatiable Runes {Str+5 SInv Stlth+} (You found it on level 4 of the Dungeon)
  4000 | D:4      | Noticed Edmund
  4015 | D:4      | Killed Edmund
  4079 | D:4      | Found a basalt altar of Yredelemnul.
  4079 | D:4      | Found a bloodstained altar of Trog.
  4107 | D:4      | Reached ** piety under Okawaru
  4499 | D:4      | Found a white marble altar of Elyvilon.
  4663 | D:4      | Reached XP level 8. HP: 55/57 MP: 13/16
  4667 | D:4      | Got a slimy dagger
  4668 | D:4      | Identified the +5 dagger of Duty {drain, rElec} (You found it on level 4 of the Dungeon)
  4930 | D:5      | Entered Level 5 of the Dungeon
  5105 | D:5      | Got a faintly glowing leather armour
  5173 | D:5      | Identified the +1 leather armour "Laafrast" {-Tele rPois rF+ rC+} (You found it on level 5 of the Dungeon)
  5196 | D:5      | Reached *** piety under Okawaru
  5229 | D:5      | Found a blossoming altar of Fedhas.
  5365 | D:5      | Reached skill level 7 in Stealth
  5628 | D:6      | Learned a level 1 spell: Flame Tongue
  5633 | D:6      | Learned a level 4 spell: Sticky Flame
  5712 | D:6      | Noticed Sigmund
  5716 | D:6      | Killed Sigmund
  5716 | D:6      | Reached XP level 9. HP: 65/65 MP: 18/18
  6237 | D:6      | Noticed Duvessa
  6239 | D:6      | Noticed Dowan
  6243 | D:6      | Killed Duvessa
  6243 | D:6      | Reached **** piety under Okawaru
  6247 | D:6      | Killed Dowan
  6330 | D:6      | Reached skill level 5 in Short Blades
  6545 | D:7      | Found a staircase to the Ecumenical Temple.
  7137 | D:7      | Received a gift from Okawaru
  7215 | D:7      | Reached skill level 5 in Invocations
  7601 | D:7      | Reached XP level 10. HP: 73/73 MP: 13/20
  7605 | D:7      | Noticed a two-headed ogre
  7612 | D:7      | Killed a two-headed ogre
  7612 | D:7      | Reached ***** piety under Okawaru
  7612 | D:7      | Received a gift from Okawaru
  7612 | D:7      | Reached skill level 5 in Fighting
  7612 | D:7      | Reached skill level 5 in Long Blades
  7612 | D:7      | Reached skill level 5 in Axes
  7612 | D:7      | Reached skill level 5 in Maces & Flails
  7612 | D:7      | Reached skill level 5 in Polearms
  7612 | D:7      | Reached skill level 5 in Staves
  7612 | D:7      | Reached skill level 5 in Slings
  7612 | D:7      | Reached skill level 5 in Bows
  7612 | D:7      | Reached skill level 5 in Crossbows
  7612 | D:7      | Reached skill level 5 in Throwing
  7612 | D:7      | Reached skill level 5 in Armour
  7612 | D:7      | Reached skill level 5 in Shields
  7612 | D:7      | Reached skill level 5 in Unarmed Combat
  7612 | D:7      | Reached skill level 5 in Evocations
  8175 | D:8      | Found a flagged portal.
  8180 | Bailey   | Entered a bailey
  8187 | Bailey   | Noticed a deep elf mage
  8194 | Bailey   | Killed a deep elf mage
  8194 | Bailey   | Reached skill level 8 in Stealth
  8231 | Bailey   | Noticed a deep elf mage
  8232 | Bailey   | Noticed a deep elf mage
  8232 | Bailey   | Noticed a deep elf mage
  8233 | Bailey   | Noticed a deep elf mage
  8234 | Bailey   | Killed a deep elf mage
  8236 | Bailey   | Noticed a deep elf mage
  8239 | Bailey   | Noticed a deep elf mage
  8240 | Bailey   | Killed a deep elf mage
  8245 | Bailey   | Killed a deep elf mage
  8257 | Bailey   | Killed a deep elf mage
  8257 | Bailey   | HP: 1/75 [fire elemental[a deep elf mage] (7)]
  8257 | Bailey   | Slain by a deep elf mage

Skill      XL: |  1  2  3  4  5  6  7  8  9 10 |
---------------+-------------------------------+-----
Spellcasting   | 5 6 7 |  7.6
Fighting       | 1 2 3 4 5 |  5.6
Long Blades    | 1 2 3 4 5 |  5.6
Axes           | 1 2 3 4 5 |  5.6
Maces & Flails | 1 2 3 4 5 |  5.6
Polearms       | 1 2 3 4 5 |  5.6
Staves         | 1 2 3 4 5 |  5.6
Slings         | 1 2 3 4 5 |  5.6
Bows           | 1 2 3 4 5 |  5.6
Crossbows      | 1 2 3 4 5 |  5.6
Throwing       | 1 2 3 4 5 |  5.6
Armour         | 1 2 3 4 5 |  5.6
Stealth        | 6 7 8 |  8.3
Shields        | 1 2 3 4 5 |  5.6
Unarmed Combat | 1 2 3 4 5 |  5.6
Invocations    | 1 2 3 4 5 6 |  6.2
Evocations     | 1 2 3 4 5 |  5.6
Conjurations   | 1 2 3 4 |  4.6
Charms         | 1 2 3 4 |  4.6
Summonings     | 1 2 3 4 |  4.6
Necromancy     | 1 2 3 4 |  4.6
Translocations | 1 2 3 4 |  4.6
Transmutations | 1 2 3 4 |  4.6
Fire Magic     | 1 2 3 4 |  4.6
Ice Magic      | 1 2 3 4 |  4.6
Air Magic      | 1 2 3 4 |  4.6
Earth Magic    | 1 2 3 4 |  4.6
Poison Magic   | 1 2 3 4 |  4.6
Short Blades   | 3 4 5 6 |  6.2
Dodging        | 5 6 7 |  7.3
Hexes          | 6 7 |  7.3

Action                   |  1- 3 |  4- 6 |  7- 9 | 10-12 || total
-------------------------+-------+-------+-------+-------++-------
Melee: Dagger            |   107 |   131 |   194 |    45 ||   477
       Bite              |    10 |     4 |    22 |     1 ||    37
       Flail             |       |       |     5 |       ||     5
       Punch             |       |       |     3 |     2 ||     5
Throw: Stone             |     2 |       |       |       ||     2
 Cast: Ensorcelled Hiber |     2 |    38 |    89 |    29 ||   158
       Confuse           |       |     2 |     5 |       ||     7
  Use: Scroll            |     3 |     1 |    13 |     2 ||    19
       Potion            |       |     1 |       |       ||     1
 Stab: Sleeping          |     5 |    33 |    66 |    23 ||   127
       Distracted        |       |     1 |     2 |       ||     3
       Confused          |       |     1 |     3 |       ||     4
  Eat: Chunk             |     1 |     8 |    12 |     3 ||    24
Armor: Robe              |    16 |    19 |    39 |    25 ||    99
Dodge: Dodged            |    76 |   102 |   114 |    54 ||   346
